 Dungeon Crawl Stone Soup version 0.27.0-1-g7a089689b8 (webtiles) character file.

Game seed: 10146262631118343135

2534 sanka the Covert (level 9, -1/27 (39) HPs)
             Began as a Vine Stalker Hedge Wizard on Aug 1, 2021.
             Was a Believer of Uskayaw.
             Killed by divine providence
             ... invoked by an orc priest
              (6 damage)
             ... on level 7 of the Dungeon.
             The game lasted 00:10:37 (5923 turns).

sanka the Covert (Vine Stalker Hedge Wizard)        Turns: 5923, Time: 00:10:38

HP:   -1/27 (39)    AC:  4    Str: 15    XL:     9   Next: 55%
MP:   0/16          EV: 16    Int: 14    God:    Uskayaw [**....]
Gold: 424           SH:  0    Dex: 15    Spells: 13/16 levels left

rFire    . . .     SeeInvis .   a - +0 dagger
rCold    . . .     Faith    .   (no shield)
rNeg     . . .     Spirit   +   b - +0 robe
rPois    .         Reflect  .   o - +0 helmet
rElec    .         Harm     .   n - scarf {+Inv}
rCorr    .         Rampage  .   w - +0 pair of gloves
Will     +....                  (no boots)
Stlth    ++++......             (no amulet)
HPRegen  1.09/turn              l - +4 ring of slaying
MPRegen  0.15/turn              h - +4 ring of evasion

@: very slightly contaminated, very heavily drained, invisible
A: fangs 3, regeneration 1, magic shield, antimagic bite, no potion heal 2
a: Renounce Religion, Evoke Invisibility, Stomp, Line Pass


You were on level 7 of the Dungeon.
You worshipped Uskayaw.
Uskayaw was noncommittal.
You visited 1 branch of the dungeon, and saw 7 of its levels.

You collected 424 gold pieces.


Innate Abilities, Weirdness & Mutations

You have razor-sharp teeth.
Your natural rate of healing is unusually fast.
When hurt, damage is shared between your health and your magic reserves.
Your bite disrupts and absorbs the magic of your enemies.
Potions cannot restore your health.


   Skills:
 + Level 5.4 Short Blades
 - Level 1.5 Dodging
 - Level 8.0 Stealth
 - Level 4.0 Spellcasting
 - Level 1.0 Conjurations
 - Level 3.0 Summonings
 - Level 1.0 Translocations
 + Level 7.8 Evocations


You had 13 spell levels left.
You knew the following spells:

 Your Spells              Type           Power      Damage    Failure   Level
x - Call Imp              Summ           11%        N/A       9%          2
z - Magic Dart            Conj           20%        1d4       13%         1

Your spell library contained the following spells:

 Spells                   Type           Power      Damage    Failure   Level
 Foxfire                  Conj/Fire      16%        2x1d4     16%         1
 Corona                   Hex            2%         N/A       19%         1
 Blink                    Tloc           N/A        N/A       19%         2
 Ensorcelled Hibernation  Hex/Ice        4%         N/A       28%         2
 Slow                     Hex            2%         N/A       28%         2
 Conjure Flame            Conj/Fire      4%         6-21      43%         3
 Mephitic Cloud           Conj/Pois/Air  3%         N/A       45%         3
 Frozen Ramparts          Ice            4%         1d2       50%         3
 Inner Flame              Hex/Fire       2%         N/A       50%         3
 Tukima's Dance           Hex            2%         N/A       50%         3
 Summon Ice Beast         Ice/Summ       7%         N/A       71%         4
 Ice Form                 Ice/Tmut       2%         N/A       88%         4

Inventory:

Hand Weapons
 a - a +0 dagger (weapon)
 i - a +0 short sword
 j - a +0 halberd
Armour
 b - a +0 robe (worn)
 n - a scarf of invisibility (worn)
 o - a +0 helmet (worn)
 w - a +0 pair of gloves (worn)
Jewellery
 f - a ring of protection from fire
 h - a +4 ring of evasion (right hand)
 k - a ring of willpower
 l - a +4 ring of slaying (left hand)
 A - a ring of see invisible
Wands
 u - a wand of mindburst (22)
Scrolls
 c - 3 scrolls of teleportation {unknown}
 d - 4 scrolls of noise {unknown}
 e - 9 scrolls of identify {unknown}
 m - a scroll of enchant weapon {unknown}
 p - 2 scrolls of acquirement {unknown}
 t - a scroll of silence {unknown}
 x - a scroll of torment {unknown}
 y - 2 scrolls of holy word {unknown}
 z - a scroll of enchant armour {unknown}
Potions
 g - 4 potions of curing {@q1}
 q - a potion of haste {@q3}
 r - 2 potions of heal wounds {unknown}
 s - a potion of brilliance {unknown}
 v - a potion of magic {unknown}

Dungeon Overview and Level Annotations

Branches:
Dungeon (7/15)             Temple (0/1) D:4

Altars:
Uskayaw

Shops:
D:1

? .▒ ......▒ .▒
▒.....▒▒▒▒ .▒ ▒.........
▒▒ ▒.▒▒▒.....▒ ▒
▒.........▒ ▒
▒▒▒▒▒ooo▒▒▒ ▒ ▒ ▒▒o▒▒ ▒
▒▒▒▒▒▒.▒ ▒)▒
▒▒▒▒.†...(▒▒▒ ▒▒f▒▒
....[.......▒ ▒...▒
.▒▒▒.▒▒▒▒▒▒.▒▒▒...▒▒▒ .▒
▒.▒ ▒.▒.......▒▒
.▒▒▒.▒▒▒▒ ▒.▒...........
........▒▒▒.▒.......▒...
........................
.▒▒▒.▒▒........).......▒
.▒▒▒<▒▒▒▒.▒.▒▒▒▒▒▒▒▒▒▒▒▒


You could see 2 orc priests, an orc wizard and an orc.


Message History

You closely miss the orc warrior. Your bite misses the orc warrior.
The orc warrior is moderately wounded.
The orc warrior closely misses you.
The orc priest mumbles some strange prayers to Beogh against you.
Beogh smites you!
You puncture the orc warrior!
You bite the orc warrior, but do no damage.
The orc warrior is heavily wounded.
You can now pass through a line of other dancers.
Unknown command.
You hit the orc warrior but do no damage.
You bite the orc warrior. You drain its power.
You feel invigorated.
The orc warrior is severely wounded.
The orc warrior hits you with a +0 halberd!!
* * * LOW HITPOINT WARNING * * *
The orc wizard gestures at the orc warrior while chanting.
The magic dart hits the orc warrior.
You barely miss the orc warrior. Your bite misses the orc warrior.
The orc warrior is almost dead.
The orc warrior closely misses you.
You strike the helpless orc warrior from behind!
You impale the orc warrior!!
You kill the orc warrior!
The orc priest invokes the aid of Beogh against you.
Beogh smites you!
You die...

Action                   |  1- 3 |  4- 6 |  7- 9 || total
-------------------------+-------+-------+-------++-------
Melee: Dagger            |    33 |   138 |   227 ||   398
       Bite              |    12 |    43 |    74 ||   129
       Short sword       |    15 |       |       ||    15
       Halberd           |     5 |       |       ||     5
 Cast: Magic Dart        |    34 |       |       ||    34
       Call Imp          |     7 |       |       ||     7
 Abil: Evoke Invisibilit |       |       |     2 ||     2
 Stab: Sleeping          |     1 |     6 |    10 ||    17
       Paralysed         |     1 |       |     5 ||     6
       Distracted        |     1 |       |       ||     1
       Invisible         |       |       |     4 ||     4
Armor: Robe              |     6 |    17 |    22 ||    45
Dodge: Dodged            |    47 |    84 |   140 ||   271

Levels and vault maps discovered:
D:1:      amcnicky_arrival_blooded_trapdoor, layout_basic,
          basic_ecumenical_altar, serial_shops, shop_scrolls,
          kennysheep_nondescript
D:2:      layout_loops_ring
D:3:      layout_rooms
D:4:      layout_basic, lemuel_temple_firewalk_b, st_stairs_3
D:5:      layout_gridville
D:6:      layout_rooms, dk_rats_in_the_wall
D:7:      layout_loops_ring, serial_shops, nicolae_inconvenience_store

Notes
Turn   | Place    | Note
-------+----------+-------------------------------------------
     0 | D:1      | sanka the Vine Stalker Hedge Wizard began the quest for the
                  | Orb.
     0 | D:1      | Reached XP level 1. HP: 9/9 MP: 5/5
    94 | D:1      | Found Jegataem's Magic Scroll Shop.
   317 | D:1      | Reached XP level 2. HP: 13/13 MP: 0/7
   387 | D:1      | Learned a level 2 spell: Call Imp
   424 | D:1      | Found a faded altar of an unknown god.
   877 | D:1      | Became a worshipper of Uskayaw the Reveller
   877 | D:1      | Reached * piety under Uskayaw
   909 | D:2      | Reached ** piety under Uskayaw
   961 | D:2      | Reached *** piety under Uskayaw
   963 | D:2      | Reached skill level 2 in Summonings
  1109 | D:2      | Reached XP level 3. HP: 16/16 MP: 1/9
  1206 | D:2      | Reached skill level 4 in Spellcasting
  1751 | D:2      | Reached skill level 3 in Summonings
  1751 | D:2      | Gained mutation: Your natural rate of healing is unusually
                  | fast. [Vine Stalker growth]
  1751 | D:2      | Reached XP level 4. HP: 17/21 MP: 7/11
  1916 | D:2      | Reached skill level 1 in Evocations
  2250 | D:2      | Reached skill level 2 in Evocations
  2625 | D:3      | Reached XP level 5. HP: 13/24 MP: 3/12
  2753 | D:3      | Reached skill level 3 in Evocations
  2797 | D:5      | Entered Level 5 of the Dungeon
  3002 | D:5      | Reached XP level 6. HP: 18/28 MP: 7/13
  3075 | D:5      | Reached skill level 4 in Evocations
  3534 | D:3      | Reached skill level 5 in Evocations
  3812 | D:3      | Reached XP level 7. HP: 29/32 MP: 9/14
  3910 | D:4      | Reached skill level 3 in Stealth
  3919 | D:4      | Reached skill level 1 in Short Blades
  4026 | D:4      | Found a staircase to the Ecumenical Temple.
  4172 | D:4      | Reached skill level 2 in Short Blades
  4172 | D:4      | Reached skill level 4 in Stealth
  4264 | D:4      | Reached skill level 6 in Evocations
  4264 | D:4      | Gained mutation: You have razor-sharp teeth. [Vine Stalker
                  | growth]
  4264 | D:4      | Reached XP level 8. HP: 35/36 MP: 13/15
  4271 | D:4      | Reached **** piety under Uskayaw
  4865 | D:5      | Reached skill level 5 in Stealth
  4934 | D:5      | Reached skill level 3 in Short Blades
  5287 | D:6      | Reached skill level 6 in Stealth
  5474 | D:6      | Reached skill level 4 in Short Blades
  5474 | D:6      | Reached skill level 7 in Evocations
  5557 | D:6      | Reached XP level 9. HP: 39/39 MP: 16/16
  5652 | D:6      | Reached skill level 7 in Stealth
  5659 | D:6      | Reached ***** piety under Uskayaw
  5660 | D:6      | Reached skill level 5 in Short Blades
  5712 | D:6      | Reached skill level 8 in Stealth
  5923 | D:7      | Killed from afar by an orc priest

Vanquished Creatures
  4 yaks (D:6)
  An ice beast (D:6)
  An orc warrior (D:7)
  4 ogres
  3 necrophages
  A centaur (D:5)
  3 bullfrogs
  2 scorpions
  2 water moccasin zombies
  2 water moccasin skeletons
  A hound (D:5)
  3 centaur skeletons
  2 jellies (D:6)
  2 orc priests
  A bullfrog skeleton (D:5)
  3 iguanas
  4 orc wizards
  A hound skeleton (D:4)
  9 gnolls
  A howler monkey zombie (D:6)
  4 adders
  A white imp (D:4)
  An ufetubus (D:4)
  A worm (D:3)
  A dart slug (D:2)
  14 orcs
  5 bats
  5 endoplasms
  4 giant cockroaches
  8 goblins
  9 hobgoblins
  4 jackals (D:3)
  3 quokkas
  8 ball pythons
  3 frilled lizards
  3 kobolds
  2 rats (D:2)
126 creatures vanquished.

Vanquished Creatures (collateral kills)
  A gnoll (D:2)
1 creature vanquished.

Grand Total: 127 creatures vanquished
